 Dungeon Crawl Stone Soup version 0.32-a0-738-g1a05c61809 (webtiles) character file.

Game seed: 8488886313961104754

19 Descartes the Chopper (level 2, 0/26 HPs)
             Began as a Mountain Dwarf Chaos Knight on Mar 17, 2024.
             Was a Plaything of Xom.
             Succumbed to an adder's poison
             ... on level 1 of the Dungeon.
             The game lasted 00:00:58 (723 turns).

Descartes the Chopper (Mountain Dwarf Chaos Knight)  Turns: 723, Time: 00:00:59

Health: 0/26       AC:  5    Str: 14    XL:     2   Next: 55%
Magic:  2/2        EV: 10    Int: 12    God:    Xom [...*..]
Gold:   41         SH:  0    Dex:  9    Spells: 1/1 levels left

rFire   . . .        a - +0 hand axe (chaos)
rCold   . . .        (no shield)
rNeg    . . .        b - +2 leather armour
rPois   .            (no helmet)
rElec   .            (no cloak)
rCorr   .            (no gloves)
SInv    .            (no boots)
Will    .....        (no amulet)
Stlth   +            (no ring)
HPRegen 0.24/turn    (no ring)
MPRegen 0.08/turn

%: no passive effects
@: lethally poisoned (0 -> -3)
A: runic magic, artefact enchanting
a: Renounce Religion


You were on level 1 of the Dungeon.
You worshipped Xom.
You were a favourite toy of Xom.
You visited 1 branch of the dungeon, and saw 2 of its levels.

You collected 41 gold pieces.

Inventory:

Hand Weapons
 a - a +0 hand axe of chaos (weapon)
Armour
 b - a +2 leather armour (worn)
 k - a +0 scale mail
Scrolls
 c - a scroll of butterflies
 d - a scroll of poison {unknown}
 f - a scroll of identify {unknown}
 h - a scroll of enchant weapon {unknown}
 i - 2 scrolls of fog {unknown}
 j - a scroll of teleportation {unknown}
Potions
 e - a potion of attraction {unknown}
 g - 2 potions of heal wounds {unknown}


   Skills:
 - Level 3.2 Fighting
 + Level 4.8 Axes
 - Level 2.1 Armour
 - Level 0.6 Dodging


You had one spell level left.
You didn't know any spells.
Your spell library was empty.

Dungeon Overview and Level Annotations

Branches:
Dungeon (2/15)

Altars:

Annotations:
D:2 Robin


Innate Abilities, Weirdness & Mutations

Your spellcasting is much less encumbered by armour.
You can use scrolls of enchantment on lesser artefacts.


Message History

You closely miss the adder. You hit the goblin.
You kill the goblin!
The adder bites you.
Robin roars a battlecry!
The goblins go into a battle-frenzy!
You closely miss the adder. You miss the goblin. You barely miss the goblin.
The adder closely misses you. The goblin hits you with a +0 club.
A kobold comes into view. It is wielding a +0 dagger.
Robin throws the goblin at you! The goblin hits you with a +0 club.
The goblin closely misses you.
Unknown command.
You hit the adder.
The adder is poisoned.
The adder is heavily wounded.
You hit the goblin.
You kill the goblin!
You barely miss the goblin. You hit the goblin. You burn the goblin.
You kill the goblin!
The adder bites you. The goblin barely misses you. The adder bites you.
You are poisoned.
The adder poisons you!
Unknown command.
You are too injured to fight recklessly!
You are too injured to fight recklessly!
Unknown command.
Unknown command.
You feel sick. The adder bites you.
* * * LOW HITPOINT WARNING * * *
The goblin hits you but does no damage. The goblin hits you with a +0 club.
* * * LOW HITPOINT WARNING * * *
The hobgoblin hits you.
* * * LOW HITPOINT WARNING * * *
You climb upwards.
* * * LOW HITPOINT WARNING * * *
You feel sick.
There is a stone staircase leading down here.
Unknown command.
You hit the hobgoblin but do no damage. You closely miss the adder.
You barely miss the goblin. You closely miss the goblin.
You die...
Xom bursts into laughter!

####.###.##+###.##...)# #.....
####.# #........##.####### #.####
.....# #......)÷##.###...###.#
.#######.........#..#..#..##.#
.##............#...÷..###....####
.##.#####......#..#....#...#.....
.##.# #......#.#..#[...#######.
....# #......gSg.###..## #.....
###.# #......#@...#...# #.####
†...# ########.g......# #.#
###.##########..........####.#
#.#.........##.###.######....#
..#####.....##.#...# ####'####
............##.#.#####......#
.#######....##.#....|'......#
............'..#######......#
.#######....#### #......#


You could see an adder (very poisoned), a hobgoblin (strong) and 2 goblins.

Vanquished Creatures
  2 giant cockroaches (D:1)
  4 goblins (D:2)
  3 hobgoblins (D:1)
  2 kobolds (D:1)
  A ball python (D:1)
  2 bats (D:1)
  2 frilled lizards (D:1)
  2 rats (D:1)
18 creatures vanquished.

Notes
Turn   | Place    | Note
-------+----------+-------------------------------------------
     0 | D:1      | Descartes the Mountain Dwarf Chaos Knight began the quest
                  | for the Orb.
     0 | D:1      | Reached XP level 1. HP: 19/19 MP: 1/1
    19 | D:1      | XOM: divination: magic mapping
    29 | D:1      | Reached skill level 4 in Axes
   189 | D:1      | Reached XP level 2. HP: 25/26 MP: 2/2
   328 | D:1      | XOM: summons 4 hostile shadow creatures
   715 | D:2      | Noticed Robin
   722 | D:1      | HP: 1/26 [poisoned by an adder]
   723 | D:1      | Succumbed to an adder's poison

Illustrated notes

Levels and vault maps discovered:
D:1:      minmay_arrival_jagged, layout_basic, minmay_pentomino_x2
D:2:      layout_rooms, chequers_serial_rivers_micro_d, uniq_robin

Skill      XL: |  1 |
---------------+----+-----
Axes           | 4 |  4.8
Fighting       | |  3.2
Armour         | |  2.1
Dodging        | |  0.6

Action                     || total
---------------------------++-------
  Melee: Hand axe          ||    43
   Stab: Paralysed         ||     1
 Armour: Leather armour    ||    38
  Dodge: Dodged            ||    27

Table legend: (Time is in decaauts)
 A = Elapsed time spent in this place.
 B = Non-inter-level travel time spent in this place.
 C = Inter-level travel time spent in this place.
 D = Time resting spent in this place.
 E = Time spent auto-exploring this place.
 F = Levels seen in this place.
 G = Mean time per level.
                   A        B        C        D        E       F      G
               +--------+--------+--------+--------+--------+-----+--------+
         Total |    727 |    677 |     50 |      0 |    580 |   2 |  363.5 |
       Dungeon |    727 |    677 |     50 |      0 |    580 |   2 |  363.5 |
               +--------+--------+--------+--------+--------+-----+--------+

Top non-repeatable levels by time:
     D:1: 718 daAuts
     D:2: 8 daAuts
